Map: Traitor's Exile

Players

Home - Winner!

  • Race: Zerg Zerg
  • Spawn Location: 5:00

Gryphon - Winner!

  • Race: Terran Terran
  • League: Diamond
  • Spawn Location: 6:00

MonstroTown

  • Race: Terran Terran
  • Spawn Location: 12:00

Michael

  • Race: Zerg Zerg
  • League: Platinum
  • Spawn Location: 9:00

VOD

Have the link to the VOD?

Description

Time

  • Played on: Oct. 7, 2018, 10:47 a.m.
  • Length: 19:33
Show
View Real Time Build Order
Export as new Build Order

Home Zerg - Winner!

Build Orders: Pool First, Lurkers 

Get SALT Encoding   

  12  0:02  Drone  
  13  0:09  Drone  
  14  0:18  Overlord  
  14  0:39  Drone x3  
  17  0:49  Extractor  
  16  0:51  Drone  
  17  1:03  Spawning Pool  
  16  1:04  Drone  
  17  1:15  Overlord  
  17  1:26  Drone  
  18  1:51  Metabolic Boost, Evolution Chamber  
  18  1:53  Queen  
  19  1:56  Drone x3  
  22  2:10  Overlord  
  22  2:28  Zergling x2  
  23  2:33  Zerg Melee Weapons Level 1  
  23  2:36  Overlord  
  23  2:42  Zergling x2  
  24  2:51  Zergling x2  
  25  3:04  Queen  
  27  3:06  Zergling x2  
  27  3:07  Zergling x6  
  27  3:11  Hatchery  
  30  3:20  Zergling x2  
  30  3:26  Spore Crawler  
  30  3:28  Zergling x2  
  31  3:50  Overlord  
  31  3:51  Zergling x4  
  31  4:19  Zergling x10  
  33  4:30  Drone x2  
  31  4:51  Lair  
  31  4:55  Roach Warren  
  29  5:00  Drone x5  
  34  5:08  Drone x3  
  37  5:20  Drone  
  37  5:21  Drone x4  
  41  5:22  Drone x2  
  44  5:36  Extractor  
  43  5:43  Extractor  
  43  5:45  Queen  
  44  5:54  Hatchery  
  44  5:55  Glial Reconstitution  
  43  6:00  Zerg Missile Weapons Level 1  
  43  6:01  Evolution Chamber  
  42  6:20  Extractor  
  40  6:31  Roach x3  
  40  6:32  Roach x6  
  56  6:33  Roach  
  55  6:44  Drone x2, Hydralisk Den  
  55  6:45  Drone x3  
  55  7:34  Lurker Den  
  54  7:37  Drone x4  
  54  7:38  Overlord x3, Drone x3  
  61  7:56  Hatchery  
  61  7:57  Zerg Missile Weapons Level 2  
  61  7:58  Zerg Ground Armor Level 1  
  60  8:18  Muscular Augments  
  60  8:29  Drone x5  
  60  8:30  Drone x6  
  60  8:31  Drone x4  
  75  8:38  Drone x2  
  75  8:39  Drone x4  
  81  8:43  Tunneling Claws  
  81  8:54  Queen  
  83  9:16  Roach x3  
  83  9:17  Roach x3  
  93  9:18  Overlord x2  
  93  9:19  Overlord x2  
  85  9:50  Hydralisk x4  
  85  9:51  Hydralisk x3  
  85  9:52  Overlord x4  
  93  9:53  Overlord  
  93  9:57  Extractor  
  93  9:58  Extractor  
  79  10:11  Overseer  
  79  10:30  Lurker x2  
  79  10:31  Lurker x5  
  79  10:35  Drone x5, Spire  
  89  10:36  Drone x6  
  89  10:37  Drone x4  
  89  10:40  Extractor  
  89  10:41  Extractor  
  92  11:24  Hydralisk  
  92  11:25  Hydralisk x5  
  99  12:18  Corruptor  
  99  12:19  Corruptor x5  
  99  12:20  Corruptor  
  113  12:25  Infestation Pit  
  112  13:01  Hive  
  112  13:18  Lurker  
  112  13:19  Lurker x5  
  118  13:35  Overlord x2  
  118  13:43  Spire  
  117  13:56  Corruptor x2  
  121  14:28  Corruptor x5  
  121  14:29  Corruptor x2  
  135  14:59  Hydralisk x4  
  130  15:00  Hydralisk x5  
  144  15:13  Greater Spire  
  144  15:17  Spire  
  131  15:53  Drone x2  
  131  15:54  Drone x6  
  131  15:55  Drone x6  
  131  15:56  Overlord x3, Drone x4  
  149  16:10  Lurker x6  
  149  16:11  Lurker x3  
  158  16:20  Hatchery  
  148  16:27  Hatchery  
  147  16:36  Brood Lord x4  
  147  16:37  Brood Lord x3  
  134  17:06  Corruptor x6  
  134  17:07  Corruptor x4  
  132  17:28  Corruptor x5  
  132  17:29  Corruptor x2  
  146  18:06  Brood Lord x5  
  146  18:07  Brood Lord  
  146  18:10  Extractor x2  
  156  18:14  Extractor  
  156  18:16  Extractor  
  154  18:30  Brood Lord x4  
  154  18:31  Brood Lord x2  
Show
View Real Time Build Order
Export as new Build Order

Gryphon Terran - Winner!

Build Orders:  

Get SALT Encoding   

  12  0:01  SCV  
  14  0:14  SCV  
  14  0:22  Supply Depot  
  14  0:26  SCV  
  15  0:44  SCV  
  15  0:46  Barracks  
  16  0:56  SCV  
  17  0:57  Barracks  
  17  1:08  SCV  
  18  1:20  SCV, Barracks  
  20  1:32  SCV  
  20  1:38  Marine  
  21  1:44  Refinery  
  21  1:45  SCV  
  22  1:53  Refinery  
  21  1:55  Supply Depot  
  21  1:58  Marine x2  
  23  2:11  Orbital Command  
  23  2:16  Marine  
  23  2:18  Marine  
  23  2:19  Marine  
  25  2:43  Factory, SCV  
  26  2:49  Marine  
  27  3:10  SCV  
  28  3:13  Supply Depot  
  28  3:22  SCV  
  29  3:28  Barracks Reactor  
  29  3:29  Barracks Tech Lab  
  29  3:34  Supply Depot  
  29  3:35  Supply Depot  
  29  3:42  Factory Tech Lab  
  29  3:45  SCV  
  29  3:46  Starport  
  30  3:57  Bunker, SCV  
  31  4:19  SCV  
  32  4:31  SCV  
  33  4:37  Marine x4  
  31  4:39  Command Center, Factory Tech Lab  
  31  4:43  SCV  
  31  4:48  Banshee  
  31  4:52  Cloaking Field  
  34  4:54  Marine  
  34  4:55  SCV, Marine  
  37  5:08  SCV  
  37  5:13  Starport  
  38  5:19  Factory  
  38  5:20  Siege Tank  
  41  5:36  Viking  
  41  5:38  Marine x4  
  47  5:46  SCV  
  48  5:50  Engineering Bay  
  48  5:53  Starport Reactor  
  48  5:58  SCV  
  49  6:08  Refinery  
  49  6:10  Siege Tank  
  52  6:29  Marine x4  
  52  6:30  Medivac  
  58  6:59  Planetary Fortress  
  59  7:01  SCV  
  58  7:12  Marine  
  58  7:13  SCV, Marine x3  
  58  7:15  Viking  
  62  7:24  Supply Depot  
  62  7:29  Supply Depot  
  62  7:31  Supply Depot  
  62  7:33  Factory Tech Lab  
  62  7:34  SCV  
  63  7:47  SCV  
  63  7:50  Missile Turret  
  64  7:59  SCV  
  64  8:03  SCV  
  66  8:11  SCV  
  67  8:15  SCV  
  68  8:20  Command Center  
  68  8:27  SCV  
  69  8:35  Refinery  
  69  8:39  SCV  
  69  8:40  Marauder  
  69  8:41  Widow Mine x2  
  76  8:46  Terran Infantry Weapons Level 1  
  76  8:48  Missile Turret  
  76  8:51  SCV  
  77  8:56  Missile Turret  
  77  9:00  Medivac  
  77  9:01  Medivac  
  77  9:02  Missile Turret  
  81  9:24  Marine x4  
  85  9:36  Siege Tank x2  
  86  9:42  Marine x4  
  71  10:25  Stimpack  
  67  10:36  SCV  
  67  10:38  SCV  
  69  10:43  Medivac x2  
  69  10:46  Marine  
  69  10:48  SCV  
  75  10:50  SCV  
  75  10:53  Marine x3  
  79  11:00  SCV  
  79  11:03  Marine  
  81  11:06  Refinery  
  77  11:31  Marine x2  
  77  11:32  Marine x2  
  70  11:49  Marine  
  70  11:53  Marine x2  
  70  11:54  Marine  
  73  12:01  Siege Tank  
  73  12:02  Siege Tank  
  73  12:07  Marine  
  80  12:10  Refinery  
  80  12:11  Marine x3  
  80  12:12  Banshee  
  80  12:13  Viking  
  76  12:26  SCV x2  
  78  12:38  SCV x2  
  78  12:40  Combat Shields  
  80  12:55  Raven  
  80  12:56  Marine x3  
  80  12:57  Marine  
  86  13:00  Siege Tank x2  
  86  13:02  SCV  
  93  13:07  Refinery  
  93  13:27  Planetary Fortress  
  93  13:52  SCV, Marine  
  93  13:54  Marine x2  
  93  13:55  Medivac, Marine  
  93  13:56  Medivac  
  92  14:04  SCV  
  92  14:09  Marine  
  91  14:12  Marine  
  91  14:15  Missile Turret  
  91  14:16  Missile Turret  
  93  14:17  Missile Turret  
  93  14:20  Refinery  
  93  14:43  Engineering Bay  
  93  14:44  Engineering Bay  
  93  14:46  Refinery  
  93  15:08  Supply Depot  
  93  15:12  Supply Depot  
  93  15:13  Supply Depot  
  93  15:14  Terran Infantry Armor Level 1  
  93  15:20  Armory  
  93  15:28  Supply Depot  
  93  15:30  Siege Tank, Viking, SCV x3  
  93  15:31  Supply Depot  
  93  15:34  Raven, Viking, Marine  
  106  15:42  SCV x3  
  109  15:54  SCV x2, Marine  
  109  15:55  Marine x3  
  109  15:56  Siege Tank  
  118  16:01  SCV  
  118  16:02  Siege Tank  
  119  16:06  SCV x2  
  121  16:18  SCV x2  
  123  16:28  Marine x2  
  123  16:29  Marine  
  123  16:30  Siege Tank  
  129  16:33  Terran Vehicle Weapons Level 1  
  129  16:34  Terran Infantry Weapons Level 2  
  129  16:40  Armory  
  129  16:43  Marine  
  129  16:46  Marine  
  124  16:52  SCV x2  
  124  16:54  Siege Tank  
  129  16:55  Raven  
  129  16:59  SCV  
  132  17:04  SCV  
  133  17:53  Marine x2  
  133  17:54  SCV, Marine x2  
  133  17:56  Medivac  
  132  18:14  SCV  
  132  18:18  Command Center  
  133  18:21  Raven, Medivac  
  133  18:26  SCV  
  138  18:27  Supply Depot  
  138  18:28  Supply Depot  
  138  18:31  Thor, Supply Depot  
  140  18:38  SCV  
  138  18:53  Marine x3  
  141  18:59  Marine  
  141  19:01  Viking  
  150  19:11  Marine x3  
Show
View Real Time Build Order
Export as new Build Order

MonstroTown Terran 

Build Orders: Reaper Expand 

Get SALT Encoding   

  12  0:01  SCV  
  13  0:13  SCV  
  14  0:19  Supply Depot  
  14  0:25  SCV  
  15  0:41  SCV  
  15  0:42  Barracks  
  16  0:48  Refinery  
  16  0:53  SCV  
  17  1:05  SCV  
  18  1:17  SCV  
  19  1:32  Reaper  
  21  1:35  Orbital Command  
  20  1:46  Command Center  
  20  2:03  Refinery  
  20  2:04  Supply Depot  
  20  2:06  SCV  
  21  2:23  Barracks Reactor  
  20  2:30  Factory  
  19  2:42  SCV  
  20  2:49  Engineering Bay  
  20  2:52  Barracks  
  20  2:54  SCV  
  21  3:00  Marine x2  
  21  3:05  Orbital Command  
  23  3:17  Factory Tech Lab  
  23  3:19  SCV  
  24  3:29  Starport  
  24  3:31  SCV  
  24  3:33  Marine  
  26  3:42  Siege Tank  
  29  3:51  Marine  
  29  3:52  Marine x2  
  27  4:27  Marine x3  
  21  4:44  Orbital Command  
  21  4:45  Marine x2  
  23  4:46  SCV  
  24  5:07  SCV  
  24  5:14  Bunker  
  25  5:16  SCV  
  25  5:20  Bunker, SCV  
  27  5:28  SCV  
  28  5:29  Marine x2  
  28  5:30  Siege Tank  
  28  5:32  Barracks Tech Lab  
  28  5:34  SCV  
  34  5:40  SCV  
  35  5:46  SCV  
  36  5:50  Supply Depot  
  36  6:01  Marine x2  
  38  6:09  Marine  
  38  6:10  Medivac  
  40  6:19  Marine  
  39  6:30  Missile Turret  
  38  6:39  Marine x3  
  35  6:52  SCV x2  
  36  6:57  Marine x3  
  39  7:04  SCV x2  
  41  7:16  SCV x2  
  41  7:22  Missile Turret  
  43  7:24  Marine  
  44  7:31  SCV  
  45  7:41  SCV  
  45  7:43  SCV  
  47  7:51  Stimpack  
  47  7:53  SCV  
  47  7:55  SCV  
  49  8:06  SCV  
  49  8:07  SCV  
  49  8:10  Marine x2  
  49  8:11  Marine  
  54  8:17  Terran Infantry Weapons Level 1  
  54  8:25  Supply Depot  
  54  8:33  Siege Tank, SCV x2  
  59  8:34  Medivac  
  61  8:45  SCV  
  61  8:47  SCV, Marine x3  
  66  8:57  SCV  
  66  8:59  SCV  
  68  9:04  Marine  
  69  9:18  Marauder  
  51  9:41  Marine x3  
  54  9:47  Engineering Bay  
  54  9:49  Barracks  
  51  9:59  Marine x2  
  52  10:00  Marauder  
  48  10:11  Siege Tank  
  51  10:17  Marine x2  
  53  10:21  Marauder  
  52  10:34  Marine, Barracks  
  52  10:35  Marine  
  53  10:36  SCV x2  
  53  10:37  Medivac, Barracks  
  53  10:38  Barracks  
  53  10:40  Terran Infantry Armor Level 1  
  59  10:42  Marauder  
  59  10:46  Armory  
  59  10:48  SCV x2, Barracks  
  61  10:52  Marine x2  
  54  11:19  Marine x2  
  54  11:23  Marine  
  44  11:37  Marine  
  44  11:41  Orbital Command  
  25  12:23  SCV  
  25  12:24  SCV  
  25  12:29  Missile Turret  
  27  12:32  Marine  
  27  12:33  Marine x2  
  27  12:35  SCV  
  31  12:38  Barracks Reactor  
  31  12:39  Barracks Tech Lab, Barracks Reactor  
  31  12:41  Combat Shields  
  28  12:50  Marine  
  29  12:59  Marine x3  
  29  13:03  Command Center, Medivac  
  29  13:04  Siege Tank  
  37  13:23  Sensor Tower  
  37  13:40  Marine  
  37  13:41  Marine x5  
  40  13:42  Marine  
  42  13:59  Missile Turret  
  42  14:11  Marine x2  
  42  14:12  Marine x6  
  50  14:24  Marine  
  24  15:17  Marine x4  
  24  15:18  Marine x5  
  24  15:19  Marine  
  34  15:33  Command Center  
  34  15:35  Marine  
  32  15:38  Marine x2  
  33  16:06  Marine x2  
  33  16:07  Marine x3  
  26  16:26  Marine x2  
  26  16:27  Marine  
  29  16:34  Marine  
  30  16:45  Marine  
  30  16:46  Marine  
  30  16:53  Marine  
  22  17:11  Marine  
  22  17:12  Marine x3  
Show
View Real Time Build Order
Export as new Build Order

Michael Zerg 

Build Orders: Pool First 

Get SALT Encoding   

  12  0:01  Drone  
  13  0:13  Overlord  
  13  0:18  Drone  
  14  0:32  Drone x2  
  16  0:35  Drone  
  16  0:40  Extractor  
  16  0:46  Drone  
  17  0:53  Spawning Pool  
  16  0:57  Drone  
  17  1:08  Drone  
  18  1:28  Hatchery  
  18  1:31  Drone  
  18  1:42  Queen  
  20  1:50  Metabolic Boost  
  20  2:04  Zergling x2  
  20  2:05  Zergling x2  
  22  2:09  Overlord  
  21  2:26  Queen  
  21  2:27  Overlord  
  23  2:50  Drone x4  
  27  2:57  Drone  
  27  2:58  Drone x2  
  28  3:07  Roach Warren  
  28  3:08  Drone  
  28  3:17  Spine Crawler  
  27  3:23  Zergling x2, Spine Crawler  
  27  3:28  Zergling x2  
  27  3:29  Zergling x2  
  27  3:32  Zergling x2  
  30  3:38  Drone  
  30  3:40  Drone x2  
  33  3:43  Drone  
  34  3:48  Overlord  
  34  3:53  Zergling x2  
  34  3:54  Zergling x2  
  36  4:06  Queen  
  38  4:10  Zergling x6  
  41  4:19  Zergling x6  
  41  4:38  Zergling x2  
  41  4:39  Zergling x2  
  43  4:52  Lair  
  39  5:01  Queen  
  43  5:07  Roach  
  43  5:08  Overlord  
  43  5:09  Overlord  
  43  5:13  Overlord  
  43  5:16  Hatchery  
  43  5:19  Extractor  
  41  5:25  Roach  
  41  5:27  Roach x4  
  51  5:29  Roach  
  51  5:33  Roach  
  55  5:37  Drone  
  56  5:53  Roach x5  
  66  6:00  Drone  
  66  6:02  Overlord  
  67  6:06  Overlord  
  67  6:10  Glial Reconstitution  
  67  6:14  Drone  
  66  6:38  Spore Crawler  
  65  6:40  Drone, Spore Crawler  
  65  6:41  Drone x4  
  65  6:42  Spore Crawler  
  68  6:50  Spore Crawler, Hydralisk Den  
  68  6:52  Spore Crawler  
  65  6:55  Spore Crawler  
  65  6:56  Drone  
  65  6:58  Drone  
  61  7:28  Roach x8  
  73  7:36  Zergling x2  
  73  7:37  Zergling x6  
  73  7:41  Queen  
  77  7:45  Roach  
  77  7:49  Roach  
  81  7:52  Roach  
  77  8:09  Ravager  
  78  8:15  Drone x4  
  78  8:19  Extractor x2  
  80  8:22  Ravager x2  
  80  8:25  Overlord x4  
  82  8:47  Ravager x4  
  82  8:48  Overlord x4  
  86  8:53  Drone x2  
  86  8:55  Drone x2  
  89  8:57  Drone  
  91  9:06  Hydralisk x2  
  95  9:10  Muscular Augments  
  48  9:54  Roach x5  
  48  9:56  Zergling x26  
  67  10:16  Hydralisk  
  67  10:21  Hatchery  
  68  10:28  Hatchery, Zergling x12  
  73  10:53  Roach x5  
  83  10:58  Zergling x22  
  94  11:08  Roach  
  69  11:21  Hydralisk  
  66  11:29  Zergling x2  
  66  11:30  Zergling x26  
  75  11:46  Zergling x2  
  75  11:47  Zergling x14  
  65  12:04  Infestation Pit  
  65  12:05  Drone x2  
  65  12:07  Drone x3  
  69  12:09  Drone x3  
  69  12:11  Drone  
  69  12:12  Drone x2  
  75  12:35  Drone x13  
  88  12:38  Drone  
  88  12:42  Queen  
  91  12:53  Extractor  
  91  12:54  Extractor  
  91  12:55  Spore Crawler x2  
  87  13:10  Hive  
  87  13:11  Burrow  
  87  13:13  Grooved Spines  
  87  13:17  Spire  
  87  13:18  Overlord x2  
  86  13:31  Hydralisk  
  86  13:32  Hydralisk x2  
  92  13:34  Hydralisk  
  92  13:39  Hydralisk  
  80  14:14  Queen x2  
  84  14:30  Zergling x2  
  84  14:31  Zergling x52  
  115  14:32  Zergling x2  
  118  14:45  Overseer  
  86  15:25  Zergling x24  
  86  15:26  Zergling x16  
  109  15:39  Overseer x3  
  105  16:04  Overseer  
  105  16:05  Overseer x4  
  105  16:25  Hydralisk x4  
  103  16:26  Hydralisk  
  103  16:31  Spore Crawler  
  112  16:33  Zergling x16  
  112  16:34  Zergling x4  
  108  17:01  Hydralisk x2  
  105  17:12  Hydralisk x2  
  105  17:13  Hydralisk x2  
  105  17:14  Hydralisk  
  105  17:15  Hydralisk  
  78  17:58  Hydralisk x9  
  76  18:02  Queen  
  96  18:59  Swarm Host x3  
Tags
 
Add a new tag
Caveats
  • Supply blocks, unpowered buildings, or Contaminate may cause inaccurate times.
  • Supply counts are checked every 10 seconds.